 Dungeon Crawl Stone Soup version 0.21-a0-641-geef9d7f (webtiles) character file.

42310 shenanigans the Fighter (level 14, -5/113 HPs)
             Began as a Barachi Skald on Dec 30, 2017.
             Was the Champion of Cheibriados.
             Killed from afar by a catoblepas (7 damage)
             ... with a blast of calcifying dust
             ... on level 6 of the Lair of Beasts.
             The game lasted 01:19:06 (27787 turns).

shenanigans the Fighter (Barachi Skald)            Turns: 27787, Time: 01:19:07

Health: -5/113     AC: 24    Str: 29    XL:     14   Next: 19%
Magic:  25/25      EV: 18    Int: 32    God:    Cheibriados [******]
Gold:   1808       SH: 14    Dex: 33    Spells: 22/27 levels left

rFire    . . .     SeeInvis .   a - +1 war axe
rCold    + . .     Gourm    .   C - +0 shield
rNeg     . . .     Faith    .   u - +0 plate armour
rPois    .         Spirit   .   t - +2 helmet of Itut {Str+2 Dex+4 Stlth-}
rElec    .         Reflect  .   f - +0 cloak
rCorr    .         Harm     .   H - +0 pair of gloves
MR       +....                  A - +1 pair of boots
Stlth    ..........             (no amulet)
HPRegen  0.28/turn              i - +3 ring of slaying
MPRegen  0.19/turn              x - ring of protection from cold

@: very slow
A: +LOS, swims, slowness 1, strong legs 2
a: Hop, Bend Time, Temporal Distortion, Slouch, Step From Time, Renounce
Religion


You were on level 6 of the Lair of Beasts.
You worshipped Cheibriados.
Cheibriados was exalted by your worship.
You were not hungry.

You visited 4 branches of the dungeon, and saw 20 of its levels.

You collected 1808 gold pieces.

Inventory:

Hand Weapons
 a - a +1 war axe (weapon)
 b - a +4 scimitar of flaming
 G - the +4 eveningstar of the Pariah {freeze, rElec Str-2 Dex+7}
   (You found it on level 4 of the Lair of Beasts)

   It has been specially enchanted to freeze those struck by it, causing extra
   injury to most foes and up to half again as much damage against particularly
   susceptible opponents.
   It can also slow down cold-blooded creatures.
   It affects your strength (-2).
   It affects your dexterity (+7).
   It insulates you from electricity.
Missiles
 Q - 3 silver tomahawks (quivered)
Armour
 c - the +4 scale mail of Munur {rN+, unknown}
   (You found it on level 4 of the Lair of Beasts)

   It protects you from negative energy.
 f - a +0 cloak (worn)
 q - the +0 ring mail of the Vestibule of Hell {rElec rC+ rN+ Dex-3}
   (You found it on level 7 of the Dungeon)

   It affects your dexterity (-3).
   It protects you from cold.
   It insulates you from electricity.
   It protects you from negative energy.
 t - the +2 helmet of Itut (worn) {Str+2 Dex+4 Stlth-}
   (You took it off Robin on level 2 of the Dungeon)

   It affects your strength (+2).
   It affects your dexterity (+4).
   It makes you less stealthy.
 u - a +0 plate armour (worn)
 A - a +1 pair of boots (worn)
 C - a +0 shield (worn)
 H - a +0 pair of gloves (worn)
 R - the +0 leather armour of Disguise {rPois Dex+4}
   (You found it on level 9 of the Dungeon)

   It affects your dexterity (+4).
   It protects you from poison.
Jewellery
 i - a +3 ring of slaying (left hand)
 m - the ring "Giah" {MR+ SInv}
   (You found it on level 4 of the Lair of Beasts)

   [ring of see invisible]

   It affects your resistance to hostile enchantments.
   It lets you see invisible.
 n - an uncursed amulet of the gourmand
 x - a ring of protection from cold (right hand)
 D - a +3 ring of strength
 F - an uncursed ring of see invisible
 I - an uncursed ring of protection from magic
 L - a +3 ring of strength
 U - a +3 ring of evasion
 Z - a +3 ring of dexterity
Wands
 j - a wand of polymorph (40)
 E - a wand of digging (49)
 K - a wand of paralysis (11)
 P - a wand of acid (5)
 W - a wand of flame (52)
 X - a wand of clouds (2)
Scrolls
 e - 2 scrolls of identify
 g - 8 scrolls of teleportation
 z - a scroll of enchant weapon
 M - a scroll of vulnerability {unknown}
 N - 10 scrolls of remove curse
 S - 2 scrolls of enchant armour
Potions
 h - 3 potions of brilliance
 k - a potion of cancellation {unknown}
 l - a potion of invisibility {unknown}
 o - 2 potions of agility {unknown}
 p - 3 potions of berserk rage
 r - a potion of magic {unknown}
 s - 5 potions of curing
 v - 4 potions of mutation
 w - 2 potions of haste
 y - a potion of resistance {unknown}
 J - 2 potions of flight
 T - 2 potions of lignification
 Y - a potion of ambrosia
Miscellaneous
 B - a fan of gales (inert)
Comestibles
 d - 24 rations
 O - 4 chunks of flesh


   Skills:
 - Level 11.1 Fighting
 - Level 11.1 Axes
 - Level 11.1 Armour
 - Level 11.1 Dodging
 * Level 9.1 Shields
 + Level 7.3 Spellcasting
 - Level 3.2 Charms
 + Level 7.5 Ice Magic
 + Level 8.1 Invocations


You had 22 spell levels left.
You knew the following spells:

 Your Spells              Type           Power        Failure   Level  Hunger
a - Infusion              Chrm           ####         16%         1    None
b - Ensorcelled Hibernat  Hex/Ice        #####.       21%         2    None
c - Song of Slaying       Chrm           ####....     24%         2    None


Dungeon Overview and Level Annotations

Branches:
Dungeon (12/15)            Temple (1/1) D:6            Lair (6/6) D:8
  Swamp (0/4) Lair:3        Snake (0/4) Lair:4        Slime (0/5) Lair:5
    Orc (1/2) D:11

Altars:
Ashenzari
Cheibriados
Dithmenos
Elyvilon
Fedhas
Gozag
Hepliaklqana
Kikubaaqudgha
Makhleb
Nemelex Xobeh
Okawaru
Qazlal
Ru
Sif Muna
Trog
Uskayaw
Vehumet
Wu Jian
Xom
Yredelemnul
Zin
The Shining One
Jiyva

Shops:
D:8 [   D:10 }

Annotations:
D:4 charan's ghost, novice TrMo
Lair:1 exclusion: oklob plant
Lair:5 1 runed door


Innate Abilities, Weirdness & Mutations

Shadows flee at your approach. (+LOS)
You can swim through water.
You cover ground slowly.
You can hop long distances.


Message History

The catoblepas breathes a plume of calcifying dust at you.
The blast of calcifying dust hits you! The catoblepas gores you!!
* * * LOW HITPOINT WARNING * * *
The catoblepas breathes a plume of calcifying dust at you.
The blast of calcifying dust hits you!
* * * LOW HITPOINT WARNING * * *
The fungus is engulfed in calcifying dust.
The fungus is no longer petrified.
The catoblepas breathes a plume of calcifying dust at you.
The blast of calcifying dust hits you!
The fungus is engulfed in calcifying dust.
The catoblepas breathes a plume of calcifying dust at you.
The blast of calcifying dust hits you!
The fungus turns to stone!
The catoblepas gores you.
* * * LOW HITPOINT WARNING * * *
The catoblepas gores you!!
* * * LOW HITPOINT WARNING * * *
The catoblepas breathes a plume of calcifying dust at you.
The blast of calcifying dust hits you!
You die...

#.. #..## #...## #...##
### ##. #...###P.# #..#
##.....P#
..#..###......###
........Y8......###
.#......@§...8....##
#..PP.§..8.........
######...÷....8........
###..8..............##
#..................... #
#P....##............#.
.##.#.....####...........#
.........P## ##..........#
.......P...###............


You could see a catoblepas.

Vanquished Creatures
  A stone giant (Orc:1)
  Harold (D:11)
  An ice dragon (Lair:4)
  Erica (D:10)
  2 hydras
  A two-headed ogre (D:9)
  5 death yaks
  Pikel (D:5)
  A lindwurm (Lair:4)
  An orc knight (D:11)
  A cyclops (Orc:1)
  An orc sorcerer (Orc:1)
  2 manticores
  Joseph (D:10)
  An ice statue (Lair:4)
  14 spiny frogs
  2 black mambas (Lair:5)
  A kobold demonologist (D:11)
  7 rime drakes
  2 komodo dragons (Lair:1)
  2 polar bears (Lair:4)
  A troll (D:10)
  5 dream sheep (Lair:5)
  16 blink frogs
  13 hippogriffs
  22 yaks
  9 wyverns
  3 basilisks
  A warg (D:11)
  3 nagas (Lair:4)
  12 water moccasins
  2 hell hounds (D:8)
  16 porcupines
  7 orc warriors
  A phantom (D:8)
  A sky beast (D:10)
  2 black bears
  A hornet zombie (D:9)
  A slave (D:5)
  A necrophage (D:8)
  An eye of draining (D:11)
  9 ice beasts
  5 ogres
  9 wolves
  6 centaurs
  8 crocodiles
  3 big kobolds
  11 bullfrogs
  A gnoll sergeant (D:9)
  2 water moccasin zombies
  A wyvern skeleton (D:10)
  4 killer bees (D:10)
  6 electric eels
  4 wights (D:10)
  2 howler monkeys
  A centaur zombie (D:8)
  3 crimson imps
  4 hounds
  5 jellies
  3 centaur skeletons
  13 orc priests
  13 orc wizards
  Crazy Yiuf (D:6)
  Ijyb (D:4)
  3 iguanas
  5 hell rats (Lair:5)
  10 worker ants
  A killer bee zombie (D:8)
  2 hound zombies
  A hound skeleton (D:11)
  2 howler monkey zombies
  A worker ant zombie (D:10)
  Robin (D:2)
  11 adders
  3 gnolls (D:9)
  2 shadow imps
  A white imp (Lair:4)
  8 oozes (D:3)
  An adder skeleton (D:7)
  3 worms (D:3)
  2 dart slugs
  8 leopard geckos
  25 orcs
  A ball python (D:1)
  7 giant cockroaches
  16 goblins
  2 hobgoblins (D:2)
  12 jackals
  3 quokkas
  4 bats
  5 frilled lizards
  2 jackal skeletons (D:7)
  17 kobolds
  2 leopard gecko skeletons (D:5)
  A quokka skeleton (D:6)
  9 rats
  3 fungi
456 creatures vanquished.

Vanquished Creatures (collateral kills)
  A kobold demonologist (D:11)
  A big kobold (D:11)
  A kobold (D:11)
3 creatures vanquished.

Vanquished Creatures (others)
  A slave (D:6)
  A wyvern zombie (D:6)
  A jelly (D:6)
  2 orc priests (D:6)
  An orc wizard (D:6)
  A leopard gecko (D:6)
  2 orcs (D:6)
  7 fungi
  3 plants
  8 toadstools (D:3)
27 creatures vanquished.

Grand Total: 486 creatures vanquished

Notes
Turn   | Place    | Note
-------+----------+-------------------------------------------
     0 | D:1      | shenanigans the Barachi Skald began the quest for the Orb.
     0 | D:1      | Reached XP level 1. HP: 17/17 MP: 3/3
   321 | D:1      | Reached XP level 2. HP: 16/23 MP: 5/5
   929 | D:2      | Found a stormy altar of Qazlal.
  1051 | D:2      | Reached XP level 3. HP: 26/29 MP: 6/6
  1117 | D:2      | Noticed Robin
  1827 | D:2      | Killed Robin
  1827 | D:2      | Reached XP level 4. HP: 30/35 MP: 2/7
  1837 | D:2      | Got a fine helmet
  1847 | D:2      | Identified the +2 helmet of Itut {Str+2 Dex+4 Stlth-} (You took it off Robin on level 2 of the Dungeon)
  1932 | D:2      | Found a sparkling altar of Nemelex Xobeh.
  2583 | D:3      | Found a burning altar of Makhleb.
  2584 | D:3      | Found a deep blue altar of Sif Muna.
  2584 | D:3      | Found a white marble altar of Elyvilon.
  2584 | D:3      | Found an ornate altar of the Wu Jian Council.
  2754 | D:3      | Found a shadowy altar of Dithmenos.
  2962 | D:3      | Reached XP level 5. HP: 42/42 MP: 8/8
  3594 | D:4      | Reached XP level 6. HP: 48/48 MP: 4/9
  3878 | D:4      | Noticed charan's ghost (novice TrMo)
  4227 | D:4      | Found a hazy altar of Hepliaklqana.
  4742 | D:4      | Found a glowing golden altar of the Shining One.
  5310 | D:4      | Noticed Ijyb
  5326 | D:4      | Killed Ijyb
  5477 | D:5      | Entered Level 5 of the Dungeon
  5608 | D:5      | Reached XP level 7. HP: 30/55 MP: 5/10
  5971 | D:5      | Reached skill level 5 in Fighting
  6263 | D:6      | Noticed Pikel
  6702 | D:5      | Killed Pikel
  6702 | D:5      | Reached skill level 5 in Axes
  6702 | D:5      | Reached skill level 5 in Armour
  6702 | D:5      | Reached skill level 5 in Dodging
  6702 | D:5      | Reached XP level 8. HP: 64/64 MP: 6/11
  7307 | D:6      | Found a staircase to the Ecumenical Temple.
  7316 | Temple   | Entered the Ecumenical Temple
  7488 | Temple   | Became a worshipper of Cheibriados the Contemplative
  8109 | D:6      | Reached skill level 1 in Invocations
  8109 | D:6      | Reached XP level 9. HP: 45/72 MP: 12/12
  8572 | D:6      | Found a runed door.
  8637 | D:6      | Noticed Crazy Yiuf
  8640 | D:6      | Killed Crazy Yiuf
  8770 | D:7      | Found an iron altar of Okawaru.
  8891 | D:7      | Reached * piety under Cheibriados
  8998 | D:7      | Got a bloodstained ring mail
  9009 | D:7      | Identified the cursed +0 ring mail of the Vestibule of Hell {rElec rC+ rN+ Dex-3} (You found it on level 7 of the Dungeon)
  9578 | D:8      | Found a staircase to the Lair.
 10580 | D:8      | Found Idiotim's Antique Armour Boutique.
 10755 | D:8      | Found a shimmering altar of Xom.
 10888 | D:9      | Noticed a two-headed ogre
 11067 | D:9      | Reached ** piety under Cheibriados
 11398 | D:9      | Reached XP level 10. HP: 73/81 MP: 13/13
 11416 | D:9      | Got a jewelled leather armour
 11450 | D:9      | Killed a two-headed ogre
 12009 | D:9      | Found an opulent altar of Gozag.
 12086 | D:9      | Identified the +0 leather armour of Disguise {rPois Dex+4} (You found it on level 9 of the Dungeon)
 12107 | D:10     | Entered Level 10 of the Dungeon
 12166 | D:10     | Noticed Maurice
 12167 | D:10     | Noticed Maurice
 12167 | D:10     | Maurice changed into Maurice the blink frog
 12174 | D:10     | Killed Maurice the blink frog
 12206 | D:10     | Noticed Erica
 12225 | D:10     | Killed Erica
 12226 | D:10     | Reached *** piety under Cheibriados
 12889 | D:10     | Found Batuq's Gadget Shoppe.
 12921 | D:10     | Noticed Joseph
 12945 | D:10     | Killed Joseph
 13392 | D:10     | Learned a level 2 spell: Ensorcelled Hibernation
 13395 | D:10     | Learned a level 2 spell: Song of Slaying
 13428 | D:11     | Reached XP level 11. HP: 89/89 MP: 14/14
 13562 | D:11     | Reached skill level 5 in Invocations
 13795 | D:11     | Reached **** piety under Cheibriados
 14218 | D:11     | Found a staircase to the Orcish Mines.
 14261 | D:11     | Reached skill level 10 in Fighting
 14560 | D:11     | Noticed Harold
 14583 | D:11     | Killed Harold
 15033 | D:11     | Identified a scroll of acquirement
 15152 | Lair:1   | Entered Level 1 of the Lair of Beasts
 15210 | Lair:1   | Noticed a four-headed hydra
 15223 | Lair:1   | Killed a four-headed hydra
 15223 | Lair:1   | Reached skill level 1 in Ice Magic
 15246 | Lair:1   | Reached skill level 10 in Armour
 15260 | Lair:1   | Reached ***** piety under Cheibriados
 16511 | Lair:1   | Reached XP level 12. HP: 99/99 MP: 18/18
 17124 | Lair:1   | Reached skill level 1 in Shields
 17192 | Lair:1   | Got an ancient rapier
 17193 | Lair:1   | Identified the +3 rapier of Sialoutz {drain, rElec rN+ Dex-5} (You found it on level 1 of the Lair of Beasts)
 18883 | Lair:2   | Reached skill level 10 in Dodging
 18941 | Lair:3   | Reached skill level 10 in Axes
 18952 | Lair:3   | Reached skill level 5 in Spellcasting
 19293 | Lair:3   | Found a staircase to the Swamp.
 20064 | Lair:3   | Reached ****** piety under Cheibriados
 20065 | Lair:3   | Reached skill level 5 in Shields
 20350 | Lair:3   | Reached skill level 5 in Ice Magic
 20350 | Lair:3   | Gained mutation: You can hop long distances. [Barachi growth]
 20350 | Lair:3   | Reached XP level 13. HP: 89/106 MP: 21/21
 20962 | Lair:4   | Noticed an ice dragon
 22136 | Lair:4   | Found a staircase to the Snake Pit.
 22210 | Lair:4   | Got a jewelled scale mail
 22316 | Lair:4   | Got a pitted lapis lazuli ring
 22338 | Lair:4   | Got a crystal eveningstar
 22400 | Lair:4   | Identified the ring "Giah" {MR+ SInv} (You found it on level 4 of the Lair of Beasts)
 22403 | Lair:4   | Identified the +4 eveningstar of the Pariah {freeze, rElec Str-2 Dex+7} (You found it on level 4 of the Lair of Beasts)
 22430 | Lair:4   | Killed an ice dragon
 23351 | Orc:1    | Entered Level 1 of the Orcish Mines
 24242 | Orc:1    | Found a burning altar of Makhleb.
 24578 | Orc:1    | Noticed a stone giant
 24598 | Orc:1    | HP: 5/106 [stone giant (10)]
 24599 | Orc:1    | HP: 2/106 [stone giant (3)]
 24602 | Orc:1    | Killed a stone giant
 25809 | Lair:5   | Found a runed door.
 25810 | Lair:5   | Found a viscous altar of Jiyva.
 25812 | Lair:5   | Noticed an acid blob
 25813 | Lair:5   | Found a staircase to the Slime Pits.
 25813 | Lair:5   | Noticed an acid blob
 26657 | Lair:5   | Reached XP level 14. HP: 105/113 MP: 24/24
 27685 | Lair:6   | Entered Level 6 of the Lair of Beasts
 27787 | Lair:6   | HP: 2/113 [catoblepas (18)]
 27787 | Lair:6   | Killed from afar by a catoblepas

Vault maps used:
D:1:      doesnt_arrival_eight_statues
D:2:      lemuel_round_altar, nemelex_xobeh_ov_fountains_minmay, first_ration,
          corexii_leaking_fountain, uniq_robin
D:3:      cheibrodos_fertilizer, grunt_dithmenos_smoke,
          grunt_temple_overflow_open
D:4:      nicolae_tso_swordbearing_angel, overflow_temple_1_default, uniq_ijyb
D:6:      minmay_temple_entry_poolview, serial_glass, glass_columns_a,
          glass_columns_a, glass_columns_b, glass_columns_b, glass_columns_c,
          glass_columns_a, feat_on_display, item_on_display_a,
          minmay_strange_pillars, uniq_pikel, uniq_crazy_yiuf_cottage
D:7:      lemuel_crystal_altar
D:8:      minmay_lair_entry_lava, serial_shops, shop, tgw_xom
D:9:      nicolae_gozag_seed_capital
D:10:     serial_shops, nicolae_shop_temple_entry_statues_fountains,
          uniq_maurice, uniq_erica, uniq_joseph
D:11:     orc_0_dummy, uniq_harold
D:12:     special_room
Temple:   minmay_temple_curvy_loop
Lair:1:   infiniplex_staircase_pool, grunt_megastairs_2,
          minmay_lair_oklob_chamber
Lair:2:   beast_lair_carwin_2
Lair:3:   swamp_mist, beast_lair_carwin_10
Lair:4:   guppyfry_snake_entry_island, lab_entry_generic,
          nicolae_volcano_entry_vermiform, grunt_forest_stairs_basic,
          ice2_lemuel
Lair:5:   slime_altar_2, serial_bayou_lake_a, grunt_megastairs_3
Lair:6:   evilmike_catoblepas_cave, uniq_snorg
Orc:1:    serial_shops, bloody_makhleb

Skill      XL: |  1  2  3  4  5  6  7  8  9 10 11 12 13 14 |
---------------+-------------------------------------------+-----
Fighting       | 3 4 6 7 8 9 10 11 | 11.1
Armour         | 2 3 4 5 6 7 9 10 11 | 11.1
Axes           | 3 4 5 6 7 8 9 10 11 | 11.1
Dodging        | 3 4 5 6 7 8 9 10 11 | 11.1
Invocations    | 1 3 4 6 7 8 |  8.1
Spellcasting   | 4 5 7 |  7.3
Ice Magic      | 2 5 7 |  7.5
Shields        | 5 8 9 |  9.1
Charms         | |  3.2

Action                   |  1- 3 |  4- 6 |  7- 9 | 10-12 | 13-15 || total
-------------------------+-------+-------+-------+-------+-------++-------
Melee: Hand axe          |    98 |   157 |       |       |       ||   255
       War axe           |       |    69 |   157 |   430 |   421 ||  1077
       Dagger            |       |       |   219 |    46 |       ||   265
       Executioner's axe |       |       |       |    80 |       ||    80
       Rapier            |       |       |       |   175 |       ||   175
       Eveningstar       |       |       |       |       |    82 ||    82
       Scimitar          |       |       |       |       |     1 ||     1
Throw: Tomahawk          |       |       |       |     5 |       ||     5
 Cast: Infusion          |     3 |    15 |     6 |       |       ||    24
Invok: Slouch            |       |       |       |     1 |       ||     1
 Abil: Hop               |     1 |     2 |     3 |     5 |     9 ||    20
Evoke: Wand              |       |       |     6 |    15 |     3 ||    24
       Fan of gales      |       |       |       |       |     1 ||     1
  Use: Scroll            |       |     5 |     9 |    10 |     3 ||    27
       Potion            |       |     1 |     3 |     1 |     5 ||    10
 Stab: Paralysed         |       |       |     8 |     9 |       ||    17
       Distracted        |       |       |       |       |     1 ||     1
  Eat: Chunk             |     2 |     8 |    15 |    15 |    12 ||    52
       Ration            |       |     2 |     1 |       |       ||     3
Armor: Leather armour    |    28 |       |       |    27 |    40 ||    95
       Ring mail         |    26 |    88 |    89 |   167 |       ||   370
       Chain mail        |       |       |   119 |       |       ||   119
       Skin              |       |       |    16 |       |       ||    16
       Plate armour      |       |       |       |    79 |   101 ||   180
Dodge: Dodged            |    95 |   167 |   269 |   976 |   484 ||  1991
Block: Buckler           |       |       |       |   154 |   124 ||   278
       Shield            |       |       |       |       |   206 ||   206
       Rpst.: Scimitar   |       |       |       |       |     1 ||     1

Table legend:
 A = Spawn XP
 B = Non-spawn XP
 C = Spawn XP percentage of total XP
 D = Spawn monster count
 E = Non-spawn monster count
 F = Spawn count percentage of total count
 G = Total turns spent on level
                    A         B        C        D         E        F      G
               +---------+---------+-------+---------+---------+-------+---------
         Total |       0 |   60444 |   0.0 |       0 |     455 |   0.0 | 27787
               +---------+---------+-------+---------+---------+-------+---------
           D:1 |       0 |      21 |   0.0 |       0 |      13 |   0.0 |  1338
           D:2 |       0 |     100 |   0.0 |       0 |      28 |   0.0 |   920
           D:3 |       0 |     174 |   0.0 |       0 |      35 |   0.0 |  2256
           D:4 |       0 |     227 |   0.0 |       0 |      17 |   0.0 |   963
           D:5 |       0 |    1093 |   0.0 |       0 |      15 |   0.0 |  1343
           D:6 |       0 |     891 |   0.0 |       0 |      23 |   0.0 |  1642
           D:7 |       0 |     315 |   0.0 |       0 |       8 |   0.0 |   789
           D:8 |       0 |    1348 |   0.0 |       0 |      17 |   0.0 |  1617
           D:9 |       0 |    1777 |   0.0 |       0 |      34 |   0.0 |  1202
          D:10 |       0 |    3232 |   0.0 |       0 |      24 |   0.0 |  1355
          D:11 |       0 |    5688 |   0.0 |       0 |      44 |   0.0 |  2205
        Lair:1 |       0 |    5729 |   0.0 |       0 |      29 |   0.0 |  2310
        Lair:2 |       0 |    4371 |   0.0 |       0 |      25 |   0.0 |  1484
        Lair:3 |       0 |   10231 |   0.0 |       0 |      41 |   0.0 |  2601
        Lair:4 |       0 |   10687 |   0.0 |       0 |      41 |   0.0 |  2473
        Lair:5 |       0 |   10293 |   0.0 |       0 |      37 |   0.0 |  1429
        Lair:6 |       0 |     890 |   0.0 |       0 |       2 |   0.0 |   102
         Orc:1 |       0 |    3377 |   0.0 |       0 |      22 |   0.0 |  1331
               +---------+---------+-------+---------+---------+-------+---------
